 Dungeon Crawl Stone Soup version 0.31.0-32-g396128a36d (webtiles) character file.

Game seed: 4854714347170556229

2835 Wiretap the Trooper (level 9, -2/72 HPs)
             Began as a Demonspawn Gladiator on Mar 29, 2024.
             Was an Initiate of Gozag.
             Slain by a gnoll sergeant
             ... wielding a +0 spear
              (12 damage)
             ... on level 7 of the Dungeon.
             The game lasted 00:09:36 (7102 turns).

Wiretap the Trooper (Demonspawn Gladiator)          Turns: 7102, Time: 00:09:37

Health: -2/72      AC:  6    Str: 15    XL:     9   Next: 45%
Magic:  11/12      EV: 15    Int: 12    God:    Gozag
Gold:   1151       SH:  0    Dex: 21    Spells: 6/12 levels left

rFire   . . .        t - +2 short sword (elec)
rCold   . . .        l - orb {mayhem}
rNeg    . . .        N - +1 robe "Oblezxenn" {Rampage}
rPois   .            (helmet restricted)
rElec   .            g - +0 cloak
rCorr   .            (no gloves)
SInv    .            f - +1 pair of boots
Will    .....        (no amulet)
Stlth   ++++         D - +6 ring of dexterity
HPRegen 0.32/turn    Z - ring of wizardry
MPRegen 0.13/turn

%: mayhem, rampage, wizardry (x1)
@: gold aura
A: horns 2, demonic magic 2
a: Renounce Religion, Potion Petition, Call Merchant, Bribe Branch


You were on level 7 of the Dungeon.
You worshipped Gozag.
Gozag was most pleased with you.
You visited 1 branch of the dungeon, and saw 7 of its levels.
You also visited: Ossuary.

You collected 1196 gold pieces.
You paid 45 gold pieces to Gozag.


Innate Abilities, Weirdness & Mutations

You have a pair of horns on your head.
Spells you cast may paralyse nearby enemies.


   Skills:
 - Level 7.0 Fighting
 + Level 3.1 Short Blades
 - Level 2.6 Polearms
 - Level 1.7 Throwing
 - Level 5.0 Dodging
 + Level 6.2 Stealth
 - Level 2.0 Spellcasting
 + Level 5.9 Translocations


You had 6 spell levels left.
You knew the following spells:

 Your Spells              Type           Power      Damage    Failure   Level
g - Gell's Gravitas       Tloc           15%        N/A       2%          3
t - Teleport Other        Tloc           15%        N/A       2%          3

Your spell library contained the following spells:

 Spells                   Type           Power      Damage    Failure   Level
 Slow                     Hex            4%         N/A       11%         1
 Cigotuvi's Dreadful Rot  Necr/Alch/Air  2%         N/A       16%         2
 Jinxbite                 Hex            2%         N/A       16%         2
 Confusing Touch          Hex            1%         N/A       32%         3
 Sigil of Binding         Hex            1%         N/A       32%         3
 Vampiric Draining        Necr           1%         2d6       32%         3
 Dispel Undead            Necr           1%         3d6       69%         4
 Martyr's Knell           Necr/Summ      1%         N/A       69%         4
 Dispersal                Tloc           7%         N/A       78%         6
 Yara's Violent Unravell  Hex/Alch       0%         3d3       95%         5
 Death Channel            Necr           0%         N/A       100%        6
 Enfeeble                 Hex            0%         N/A       100%        7

Inventory:

Hand Weapons
 a - a +0 trident
 t - a +2 short sword of electrocution (weapon)
 J - a +0 quick blade
Missiles
 d - 5 throwing nets (quivered) {=f}
 e - a javelin
Armour
 f - a +1 pair of boots (worn)
 g - a +0 cloak (worn)
 l - an orb of mayhem (worn)
 F - the +4 scale mail of Xuti {Rampage rF- Str+3}
   (You found it on level 4 of the Dungeon)

   Str+3:     It affects your strength (+3).
   rF-:       It makes you vulnerable to fire.
   Rampage:   It bestows one free step when moving towards enemies.
 N - the +1 robe "Oblezxenn" (worn) {Rampage}
   (You found it on level 7 of the Dungeon)

   Rampage:   It bestows one free step when moving towards enemies.
Jewellery
 C - a ring of protection from cold
 D - a +6 ring of dexterity (left hand)
 M - a ring of magical power
 P - a ring of poison resistance
 Z - a ring of wizardry (right hand)
Wands
 p - a wand of charming (5)
 K - a wand of mindburst (14)
Scrolls
 c - a scroll of amnesia {unknown}
 k - 2 scrolls of enchant armour {unknown}
 n - 10 scrolls of identify {unknown}
 o - a scroll of torment {unknown}
 q - a scroll of noise {unknown}
 r - 2 scrolls of immolation {unknown}
 u - 6 scrolls of teleportation {unknown}
 v - a scroll of silence {unknown}
 x - a scroll of poison {unknown}
 y - a scroll of enchant weapon {unknown}
 E - a scroll of fog {unknown}
 G - 2 scrolls of vulnerability {unknown}
 I - 2 scrolls of fear {unknown}
Potions
 b - 2 potions of might {unknown}
 h - 4 potions of curing {@q1}
 i - 3 potions of haste {unknown}
 j - 2 potions of brilliance {unknown}
 m - 2 potions of enlightenment {unknown}
 s - 3 potions of mutation {unknown}
 w - 2 potions of degeneration {unknown}
 z - 2 potions of invisibility {unknown}
 A - a potion of ambrosia {unknown}
 B - 3 potions of lignification {unknown}
 H - 2 potions of resistance {unknown}
 L - a potion of heal wounds {unknown}

Dungeon Overview and Level Annotations

Branches:
Dungeon (7/15)             Temple (0/1) D:5         Ossuary (visited)

Altars:
Dithmenos
Gozag
Trog
Vehumet

# #<#.# #.# .
#.#####.#"# #..
............ ####.)
.........# #.....
#.##....#####.##.#
#..........#...#.#
#.########.##.##........
#......$.$....####...#.#
#####.@$..#### ##.##.#
#g##### #.##.> #$ #.##..
#) #.###. #. #.##.# #.
#...## #. ####.# ## ##.
#.


You could see a neutral gnoll sergeant (fast, strong, frenzied).


Message History

You are too injured to fight recklessly!
You are too injured to fight recklessly!
You are too injured to fight recklessly!
You are too injured to fight recklessly!
You are too injured to fight recklessly!
You are too injured to fight recklessly!
You are too injured to fight recklessly!
You are too injured to fight recklessly!
You are too injured to fight recklessly!
You barely miss the gnoll sergeant. You headbutt the gnoll sergeant.
The gnoll sergeant is moderately wounded.
The gnoll sergeant completely misses you.
The gnoll sergeant hits you with a +0 spear!
* * * LOW HITPOINT WARNING * * *
Unknown command.
You closely miss the gnoll sergeant.
The gnoll sergeant is moderately wounded.
The gnoll sergeant completely misses you.
You barely miss the gnoll sergeant.
The gnoll sergeant is moderately wounded.
The gnoll sergeant hits you with a +0 spear.
* * * LOW HITPOINT WARNING * * *
The gnoll sergeant hits you with a +0 spear!
* * * LOW HITPOINT WARNING * * *
Unknown command.
You barely miss the gnoll sergeant.
The gnoll sergeant is moderately wounded.
The gnoll sergeant hits you with a +0 spear!
You die...
Your body crumbles into a pile of gold.

Skill      XL: |  1  2  3  4  5  6  7  8  9 |
---------------+----------------------------+-----
Fighting       | 3 4 6 7 |  7.0
Stealth        | 2 3 4 5 6 |  6.2
Dodging        | 3 4 5 |  5.0
Translocations | 1 4 5 |  5.9
Spellcasting   | 1 2 |  2.0
Short Blades   | 1 3 |  3.1
Polearms       | |  2.6
Throwing       | |  1.7

Action                     |  1- 3 |  4- 6 |  7- 9 || total
---------------------------+-------+-------+-------++-------
  Melee: Trident           |    73 |       |       ||    73
         Headbutt          |    15 |    19 |    88 ||   122
         Short sword       |    41 |   115 |   384 ||   540
    Use: Potion            |       |       |     1 ||     1
   Stab: Sleeping          |     2 |     6 |     4 ||    12
         Distracted        |       |       |     6 ||     6
 Armour: Leather armour    |    30 |       |       ||    30
         Ring mail         |    22 |    68 |   202 ||   292
         Robe              |       |       |    23 ||    23
  Dodge: Dodged            |    39 |    66 |   266 ||   371

Levels and vault maps discovered:
D:1:      elethiomel_arrival_infinity_welcomes_careful_drivers,
          layout_loops_ring, minmay_distorted
D:2:      layout_basic, hellmonk_ecumenical_altar_lost_god, minmay_pentomino_s4
D:3:      layout_basic, grunt_gozag_statues, nicolae_overflow_hidden_temple,
          nrook_mini_backslash
D:4:      layout_rooms, nrook_uturn
D:5:      layout_basic, minmay_temple_entry_mini_moons, minmay_ruined_shrine
D:6:      nicolae_cairo_tiling_large_dashed, layout_loops_ring, zin_treasury,
          mainiacjoe_overflow_alcove_1
D:7:      layout_loops_ring, nicolae_ossuary_entry_ruins, uniq_duvessa

Notes
Turn   | Place    | Note
-------+----------+-------------------------------------------
     0 | D:1      | Wiretap the Demonspawn Gladiator began the quest for the
                  | Orb.
     0 | D:1      | Reached XP level 1. HP: 16/16 MP: 1/1
   120 | D:1      | Gained mutation: You have a pair of small horns on your
                  | head. [demonic ancestry]
   120 | D:1      | Reached XP level 2. HP: 19/23 MP: 2/2
   306 | D:1      | Reached skill level 3 in Fighting
  1298 | D:2      | Reached XP level 3. HP: 29/29 MP: 3/3
  1320 | D:2      | Found a faded altar of an unknown god.
  1622 | D:3      | Reached skill level 4 in Fighting
  1918 | D:3      | Reached XP level 4. HP: 31/37 MP: 4/4
  1920 | D:3      | Reached skill level 1 in Stealth
  1922 | D:3      | Reached skill level 3 in Dodging
  2103 | D:3      | Found a shadowy altar of Dithmenos.
  2110 | D:3      | Reached skill level 2 in Stealth
  2208 | D:3      | Found an opulent altar of Gozag.
  2209 | D:3      | Noticed an ice beast
  2220 | D:3      | Killed an ice beast
  2221 | D:3      | Gained mutation: Spells you cast may paralyse adjacent
                  | enemies. [demonic ancestry]
  2221 | D:3      | Reached XP level 5. HP: 13/42 MP: 5/5
  2222 | D:3      | Became a worshipper of Gozag Ym Sagoz the Greedy
  2416 | D:4      | Reached skill level 4 in Dodging
  2416 | D:4      | Reached skill level 3 in Stealth
  2518 | D:4      | Gained mutation: Spells you cast may paralyse nearby
                  | enemies. [demonic ancestry]
  2518 | D:4      | Reached XP level 6. HP: 24/48 MP: 6/6
  2520 | D:4      | Identified the +4 scale mail of Xuti {Rampage rF- Str+3}
  2738 | D:4      | Learned a level 3 spell: Teleport Other
  2942 | D:4      | Noticed an ice beast
  2955 | D:4      | Killed an ice beast
  2956 | D:4      | Reached skill level 1 in Translocations
  3329 | D:5      | Entered Level 5 of the Dungeon
  3331 | D:5      | Reached skill level 4 in Stealth
  3347 | D:5      | Gained mutation: You have a pair of horns on your head.
                  | [demonic ancestry]
  3347 | D:5      | Reached XP level 7. HP: 52/54 MP: 7/7
  3589 | D:5      | Reached skill level 5 in Dodging
  3589 | D:5      | Reached skill level 2 in Translocations
  3778 | D:5      | Reached skill level 5 in Stealth
  3778 | D:5      | Reached skill level 3 in Translocations
  3879 | D:5      | Reached skill level 4 in Translocations
  3890 | D:5      | Reached XP level 8. HP: 61/61 MP: 7/9
  3917 | D:5      | Found a radiant altar of Vehumet.
  3978 | D:5      | Found a staircase to the Ecumenical Temple.
  4088 | D:5      | Reached skill level 1 in Spellcasting
  4238 | D:5      | Reached skill level 5 in Fighting
  4509 | D:5      | HP: 6/64 [burnt (5)]
  4728 | D:5      | Reached skill level 6 in Fighting
  5425 | D:6      | Reached skill level 5 in Translocations
  5898 | D:6      | Found a bloodstained altar of Trog.
  5942 | D:6      | Learned a level 3 spell: Gell's Gravitas
  5979 | D:7      | Found a sand-covered staircase.
  5987 | Ossuary  | Entered an ossuary
  6029 | Ossuary  | Reached skill level 1 in Short Blades
  6205 | Ossuary  | Reached XP level 9. HP: 56/71 MP: 10/10
  6281 | Ossuary  | Reached skill level 2 in Short Blades
  6357 | Ossuary  | Reached skill level 7 in Fighting
  6503 | D:7      | Reached skill level 6 in Stealth
  6534 | D:7      | Identified the +1 robe "Oblezxenn" {Rampage}
  6570 | D:7      | Noticed Duvessa
  6571 | D:7      | Noticed Dowan
  6699 | D:7      | Killed Duvessa
  6706 | D:7      | Killed Dowan
  6983 | D:7      | Reached skill level 3 in Short Blades
  7096 | D:7      | Reached skill level 2 in Spellcasting
  7102 | D:7      | Slain by a gnoll sergeant

Vanquished Creatures
  Duvessa (D:7)
  3 ice beasts
  A centaur (D:5)
  3 phantoms (D:5)
  2 kobold brigands
  A bullfrog (D:7)
  3 scorpions
  10 water moccasin zombies (Ossuary)
  A burial acolyte (Ossuary)
  Dowan (D:7)
  A howler monkey (D:5)
  A bombardier beetle (D:5)
  A spectral scorpion (Ossuary)
  2 gnoll boudas
  4 hounds
  2 iguanas
  A sleepcap (D:5)
  5 orc wizards
  2 crocodile zombies (Ossuary)
  2 mummies (Ossuary)
  10 gnolls
  6 adders
  3 shadow imps (D:6)
  2 white imps
  2 ufetubi
  2 adder zombies (Ossuary)
  A dart slug (D:5)
  A ribbon worm (D:2)
  22 orcs
  7 ball pythons
  4 bats
  5 endoplasms
  5 giant cockroaches
  4 hobgoblins
  4 jackals (D:3)
  15 kobolds
  2 quokkas
  A frilled lizard (D:2)
  14 gnoll zombies (Ossuary)
  5 goblins
  4 jackal zombies (Ossuary)
  2 orc zombies (Ossuary)
  8 rats
176 creatures vanquished.

Vanquished Creatures (collateral kills)
  A centaur (D:5)
  A scorpion (D:5)
  An orc wizard (D:6)
  11 gnolls
  3 orcs
  A giant cockroach (D:3)
  3 kobolds (D:6)
21 creatures vanquished.

Vanquished Creatures (others)
  An adder (D:5)
  An ufetubus (D:5)
  An orc (D:6)
  A kobold (D:6)
4 creatures vanquished.

Grand Total: 201 creatures vanquished

Table legend: (Time is in decaauts)
 A = Elapsed time spent in this place.
 B = Non-inter-level travel time spent in this place.
 C = Inter-level travel time spent in this place.
 D = Time resting spent in this place.
 E = Time spent auto-exploring this place.
 F = Levels seen in this place.
 G = Mean time per level.
                   A        B        C        D        E       F      G
               +--------+--------+--------+--------+--------+-----+--------+
         Total |   7094 |   6872 |    222 |   1458 |   4083 |   8 |  886.8 |
       Dungeon |   6638 |   6416 |    222 |   1458 |   3786 |   7 |  948.3 |
       Ossuary |    455 |    455 |      0 |      0 |    297 |   1 |  455.0 |
               +--------+--------+--------+--------+--------+-----+--------+

Top non-repeatable levels by time:
     D:5: 1435 daAuts
     D:4: 1300 daAuts
     D:1: 1051 daAuts
     D:6: 839 daAuts
     D:3: 839 daAuts
     D:7: 646 daAuts
     D:2: 525 daAuts
 Ossuary: 455 daAuts

Table legend:
 A = Non-vault XP
 B = Vault XP
 C = Vault XP percentage of total XP
 D = Non-vault monster count
 E = Vault monster count
 F = Vault count percentage of total count
                 A         B        C        D         E       F
            +---------+---------+-------+---------+---------+-------
      Total |    2260 |    1790 |  44.2 |     146 |      52 |  26.3
            +---------+---------+-------+---------+---------+-------
        D:1 |      29 |       1 |   3.3 |      17 |       1 |   5.6
        D:2 |      26 |       2 |   7.1 |      13 |       2 |  13.3
        D:3 |     262 |       0 |   0.0 |      25 |       0 |   0.0
        D:4 |     337 |      88 |  20.7 |      22 |       2 |   8.3
        D:5 |     698 |     464 |  39.9 |      18 |       7 |  28.0
        D:6 |     480 |       0 |   0.0 |      34 |       0 |   0.0
        D:7 |     428 |     208 |  32.7 |      17 |       2 |  10.5
    Ossuary |       0 |    1027 | 100.0 |       0 |      38 | 100.0
            +---------+---------+-------+---------+---------+-------
